TOP OF THE 1ST |
Washington (APP) Nationals batting - Pitching for Miami (APP) Marlins : LHP Vince Terkelsen
|
Pitching: LHP Vince Terkelsen
|
|
Batting: RHB Luis Neri
|
0-0: Called Strike 0-1: Ball 1-1: Swinging Strike 1-2: Ground out 5-3 (Groundball, 56, EV 105.0 MPH)
|
Batting: LHB Joseph Martin
|
0-0: Ground out U3 (Groundball, 3, EV 103.1 MPH)
|
Batting: RHB Randy Spriet
|
0-0: Called Strike 0-1: Ball 1-1: Ball 2-1: Ball 3-1: Foul Ball, location: 2F 3-2: Ground out 6-3 (Groundball, 6, EV 103.8 MPH)
|
Top of the 1st over - 0 runs, 0 hits, 0 errors, 0 left on base; Washington (APP) 0 - Miami (APP) 0 |
BOTTOM OF THE 1ST |
Miami (APP) Marlins batting - Pitching for Washington (APP) Nationals : RHP Mike Welch
|
Pitching: RHP Mike Welch
|
|
Batting: RHB Lu Tieh
|
0-0: Foul Ball, location: 2F 0-1: Ball 1-1: Called Strike 1-2: Strikes out swinging
|
Batting: RHB Ben Jezak
|
0-0: Ball 1-0: Ball 2-0: Called Strike 2-1: Ball 3-1: Foul Ball, location: 2F 3-2: Ground out 6-3 (Groundball, 6, EV 86.3 MPH)
|
Batting: RHB Kurt Wagner
|
0-0: Ball 1-0: Foul Ball, location: 2F 1-1: Ball 2-1: Called Strike 2-2: Ground out 1-3 (Groundball, 13S, EV 64.4 MPH)
|
Bottom of the 1st over - 0 runs, 0 hits, 0 errors, 0 left on base; Washington (APP) 0 - Miami (APP) 0 |
TOP OF THE 2ND |
Washington (APP) Nationals batting - Pitching for Miami (APP) Marlins : LHP Vince Terkelsen
|
Batting: RHB Masaru Nogami
|
0-0: Ball 1-0: Ball 2-0: Ball 3-0: Called Strike 3-1: Foul Ball, location: 2F 3-2: Strikes out looking
|
Batting: RHB Chris Montgomery
|
0-0: Foul Ball, location: 2F 0-1: Ball 1-1: Swinging Strike 1-2: Strikes out swinging
|
Batting: RHB Alex Sandoval
|
0-0: Ball 1-0: Ball 2-0: SINGLE (Line Drive, 78S, EV 94.4 MPH)
|
Batting: RHB Jonathan Christensen
|
0-0: Ball 1-0: Ball Alex Sandoval steals 2nd base 2-0: Ball 3-0: Called Strike 3-1: Foul Ball, location: 2F 3-2: Base on Balls
|
Batting: RHB Mike Strey
|
0-0: DOUBLE (Groundball, 5L, EV 105.6 MPH) Alex Sandoval scores Jonathan Christensen to third Runner from 3rd tries for Home, SAFE, throw by LF to trailing runner, OUT at third! 7-6-5
|
Top of the 2nd over - 2 runs, 2 hits, 0 errors, 0 left on base; Washington (APP) 2 - Miami (APP) 0 |
BOTTOM OF THE 2ND |
Miami (APP) Marlins batting - Pitching for Washington (APP) Nationals : RHP Mike Welch
|
Batting: LHB Tom Wleklinski
|
0-0: Called Strike 0-1: Ball 1-1: Ball 2-1: Called Strike 2-2: Foul Ball, location: 2F 2-2: Reached on error, E7 (Flyball, 7LD, EV 95.6 MPH)
|
Batting: RHB Nate Stephenson
|
0-0: Called Strike 0-1: Foul Ball, location: 2F 0-2: Strikes out swinging
|
Batting: RHB Mario Navarro
|
0-0: Ball 1-0: Foul Ball, location: 2F 1-1: Ground out 5-3 (Groundball, 56, EV 85.0 MPH)
|
Batting: RHB Ryan Mason
|
0-0: Foul Ball, location: 2F 0-1: Swinging Strike 0-2: Strikes out swinging
|
Bottom of the 2nd over - 0 runs, 0 hits, 1 error, 1 left on base; Washington (APP) 2 - Miami (APP) 0 |
TOP OF THE 3RD |
Washington (APP) Nationals batting - Pitching for Miami (APP) Marlins : LHP Vince Terkelsen
|
Batting: RHB Mike Welch
|
0-0: Called Strike 0-1: Hit by Pitch
|
Batting: RHB Luis Neri
|
0-0: Called Strike 0-1: Ball 1-1: Ball 2-1: Ball Wild Pitch! Mike Welch to second 3-1: Ground out 6-3 (Groundball, 6, EV 87.5 MPH)
|
Batting: LHB Joseph Martin
|
0-0: Called Strike 0-1: Ball 1-1: Fly out, F8 (Line Drive, 8RM, EV 95.0 MPH)
|
Batting: RHB Randy Spriet
|
0-0: Ball 1-0: Ball 2-0: Fly out, F8 (Line Drive, 8RM, EV 93.8 MPH)
|
Top of the 3rd over - 0 runs, 0 hits, 0 errors, 1 left on base; Washington (APP) 2 - Miami (APP) 0 |
BOTTOM OF THE 3RD |
Miami (APP) Marlins batting - Pitching for Washington (APP) Nationals : RHP Mike Welch
|
Batting: RHB Gene Bauer
|
0-0: Called Strike 0-1: Ball 1-1: Foul Ball, location: 2F 1-2: Foul Ball, location: 2F 1-2: Strikes out swinging
|
Batting: LHB Vince Terkelsen
|
0-0: Foul Ball, location: 2F 0-1: Foul Ball, location: 2F 0-2: Strikes out swinging
|
Batting: RHB Lu Tieh
|
0-0: Called Strike 0-1: Swinging Strike 0-2: Ball 1-2: Ball 2-2: Strikes out swinging
|
Bottom of the 3rd over - 0 runs, 0 hits, 0 errors, 0 left on base; Washington (APP) 2 - Miami (APP) 0 |
TOP OF THE 4TH |
Washington (APP) Nationals batting - Pitching for Miami (APP) Marlins : LHP Vince Terkelsen
|
Batting: RHB Masaru Nogami
|
0-0: Foul Ball, location: 2F 0-1: Hit by Pitch
|
Batting: RHB Chris Montgomery
|
0-0: Called Strike 0-1: Ball 1-1: Ball 2-1: Swinging Strike 2-2: Ball 3-2: Strikes out swinging
|
Batting: RHB Alex Sandoval
|
0-0: Called Strike 0-1: Swinging Strike 0-2: Fielders Choice at 2nd, 6-4 (Groundball, 6S, EV 89.4 MPH)
|
Batting: RHB Jonathan Christensen
|
0-0: Ball 1-0: Ball 2-0: Ground out 4-3 (Groundball, 4, EV 85.0 MPH)
|
Top of the 4th over - 0 runs, 0 hits, 0 errors, 1 left on base; Washington (APP) 2 - Miami (APP) 0 |
BOTTOM OF THE 4TH |
Miami (APP) Marlins batting - Pitching for Washington (APP) Nationals : RHP Mike Welch
|
Batting: RHB Ben Jezak
|
0-0: Called Strike 0-1: Foul Ball, location: 2F 0-2: Ball 1-2: Ball 2-2: Foul Ball, location: 2F 2-2: Strikes out swinging
|
Batting: RHB Kurt Wagner
|
0-0: Ball 1-0: Fly out, F7 (Flyball, 7LS, EV 73.1 MPH)
|
Batting: LHB Tom Wleklinski
|
0-0: Called Strike 0-1: Called Strike 0-2: Ball 1-2: Ball 2-2: Strikes out swinging
|
Bottom of the 4th over - 0 runs, 0 hits, 0 errors, 0 left on base; Washington (APP) 2 - Miami (APP) 0 |
TOP OF THE 5TH |
Washington (APP) Nationals batting - Pitching for Miami (APP) Marlins : LHP Vince Terkelsen
|
Batting: RHB Mike Strey
|
0-0: Ground out 6-3 (Groundball, 6, EV 90.0 MPH)
|
Batting: RHB Mike Welch
|
0-0: Called Strike 0-1: Ball 1-1: Ball 2-1: Fly out, F4 (Popup, 3S, EV 85.6 MPH)
|
Batting: RHB Luis Neri
|
0-0: Called Strike 0-1: Ball 1-1: Ground out 5-3 (Groundball, 5S, EV 82.5 MPH)
|
Top of the 5th over - 0 runs, 0 hits, 0 errors, 0 left on base; Washington (APP) 2 - Miami (APP) 0 |
BOTTOM OF THE 5TH |
Miami (APP) Marlins batting - Pitching for Washington (APP) Nationals : RHP Mike Welch
|
Batting: RHB Nate Stephenson
|
0-0: Called Strike 0-1: Ball 1-1: Ball 2-1: Ground out 1-3 (Groundball, 13, EV 83.8 MPH)
|
Batting: RHB Mario Navarro
|
0-0: Ball 1-0: Called Strike 1-1: Swinging Strike 1-2: SINGLE (Line Drive, 9LM, EV 105.0 MPH)
|
Batting: RHB Ryan Mason
|
0-0: Called Strike Mario Navarro steals 2nd base 0-1: Foul Ball, location: 2F 0-2: Ball 1-2: Ground out 6-3 (Groundball, 6, EV 103.8 MPH)
|
Batting: RHB Gene Bauer
|
0-0: Ball 1-0: Called Strike 1-1: Ball 2-1: Ground out 4-3 (Groundball, 34, EV 91.9 MPH)
|
Bottom of the 5th over - 0 runs, 1 hit, 0 errors, 1 left on base; Washington (APP) 2 - Miami (APP) 0 |
TOP OF THE 6TH |
Washington (APP) Nationals batting - Pitching for Miami (APP) Marlins : LHP Vince Terkelsen
|
Batting: LHB Joseph Martin
|
0-0: Swinging Strike 0-1: Foul Ball, location: 2F 0-2: Strikes out swinging
|
Batting: RHB Randy Spriet
|
0-0: Ball 1-0: DOUBLE (Line Drive, 78M, EV 98.8 MPH)
|
Batting: RHB Masaru Nogami
|
0-0: Called Strike 0-1: Called Strike 0-2: Ball 1-2: Strikes out swinging, 2-3 out at first.
|
Batting: RHB Chris Montgomery
|
0-0: Called Strike 0-1: Called Strike 0-2: Ball Wild Pitch! Randy Spriet to third 1-2: Ball 2-2: Foul Ball, location: 2F 2-2: Ball 3-2: Strikes out looking
|
Top of the 6th over - 0 runs, 1 hit, 0 errors, 1 left on base; Washington (APP) 2 - Miami (APP) 0 |
BOTTOM OF THE 6TH |
Miami (APP) Marlins batting - Pitching for Washington (APP) Nationals : RHP Mike Welch
|
Batting: LHB Vince Terkelsen
|
0-0: Foul Ball, location: 2F 0-1: Foul Ball, location: 2F 0-2: Strikes out swinging
|
Batting: RHB Lu Tieh
|
0-0: Called Strike 0-1: Ball 1-1: Fly out, F8 (Line Drive, 8RD, EV 103.1 MPH)
|
Batting: RHB Ben Jezak
|
0-0: Called Strike 0-1: Foul Ball, location: 2F 0-2: Strikes out swinging
|
Bottom of the 6th over - 0 runs, 0 hits, 0 errors, 0 left on base; Washington (APP) 2 - Miami (APP) 0 |
TOP OF THE 7TH |
Washington (APP) Nationals batting - Pitching for Miami (APP) Marlins : LHP Vince Terkelsen
|
Batting: RHB Alex Sandoval
|
0-0: Called Strike 0-1: Foul Ball, location: 2F 0-2: Ball 1-2: Ball 2-2: Foul Ball, location: 2F 2-2: Strikes out looking
|
Batting: RHB Jonathan Christensen
|
0-0: Ball 1-0: Swinging Strike 1-1: Foul Ball, location: 2F 1-2: Ball 2-2: Ball 3-2: Base on Balls
|
Batting: RHB Mike Strey
|
0-0: Ball 1-0: Fly out, F9 (Flyball, 89D, EV 98.8 MPH)
|
Batting: RHB Mike Welch
|
0-0: Ball 1-0: Foul Ball, location: 2F 1-1: Fielders Choice at 2nd, 5-4 (Groundball, 5L, EV 82.5 MPH)
|
Top of the 7th over - 0 runs, 0 hits, 0 errors, 1 left on base; Washington (APP) 2 - Miami (APP) 0 |
BOTTOM OF THE 7TH |
Miami (APP) Marlins batting - Pitching for Washington (APP) Nationals : RHP Mike Welch
|
Batting: RHB Kurt Wagner
|
0-0: Ball 1-0: Foul Ball, location: 2F 1-1: Ball 2-1: Ball 3-1: Base on Balls
|
Batting: LHB Tom Wleklinski
|
0-0: Grounds into double play, 4-6-3 (Groundball, 4, EV 82.5 MPH)
|
Batting: RHB Nate Stephenson
|
0-0: Swinging Strike 0-1: Ball 1-1: Ground out 6-3 (Groundball, 6, EV 83.1 MPH)
|
Bottom of the 7th over - 0 runs, 0 hits, 0 errors, 0 left on base; Washington (APP) 2 - Miami (APP) 0 |
TOP OF THE 8TH |
Washington (APP) Nationals batting - Pitching for Miami (APP) Marlins : LHP Vince Terkelsen
|
Batting: RHB Luis Neri
|
0-0: Called Strike 0-1: Swinging Strike 0-2: Foul Ball, location: 2F 0-2: Ball 1-2: Strikes out swinging
|
Pitching: RHP Ju-ao Wa
|
|
Batting: LHB Joseph Martin
|
0-0: Ball 1-0: SINGLE (Line Drive, 8LS, EV 90.6 MPH)
|
Batting: RHB Randy Spriet
|
0-0: Ball 1-0: Foul Ball, location: 2F 1-1: SINGLE (Line Drive, 7S, EV 107.5 MPH) Joseph Martin to second
|
Batting: RHB Masaru Nogami
|
0-0: Ball Balk! Joseph Martin to third Randy Spriet to second 1-0: Intentional Walk
|
Batting: RHB Chris Montgomery
|
0-0: Called Strike 0-1: Ball 1-1: SINGLE (Line Drive, 8LS, EV 100.0 MPH) Joseph Martin scores Randy Spriet to third Masaru Nogami to second
|
Batting: RHB Alex Sandoval
|
0-0: Ball 1-0: GRAND SLAM HOME RUN (Flyball, 7D, EV 105.0 MPH), Distance : 388 ft
|
Pinch Hitting: RHB Jimmy Hasenfus
|
0-0: Ball 1-0: Foul Ball, location: 2F 1-1: Called Strike 1-2: Strikes out swinging
|
Batting: RHB Mike Strey
|
0-0: Ball 1-0: Fly out, F9 (Flyball, 9, EV 87.5 MPH)
|
Top of the 8th over - 5 runs, 4 hits, 0 errors, 0 left on base; Washington (APP) 7 - Miami (APP) 0 |
BOTTOM OF THE 8TH |
Miami (APP) Marlins batting - Pitching for Washington (APP) Nationals : RHP Mike Welch
|
Now at 1B: Pat Cline
|
|
Batting: RHB Mario Navarro
|
0-0: Ball 1-0: Called Strike 1-1: Ball 2-1: Swinging Strike 2-2: Strikes out swinging
|
Batting: RHB Ryan Mason
|
0-0: Ground out 6-3 (Groundball, 56, EV 105.0 MPH)
|
Batting: RHB Gene Bauer
|
0-0: Ball 1-0: Ball 2-0: Fly out, F8 (Line Drive, 8LD, EV 90.6 MPH)
|
Bottom of the 8th over - 0 runs, 0 hits, 0 errors, 0 left on base; Washington (APP) 7 - Miami (APP) 0 |
TOP OF THE 9TH |
Washington (APP) Nationals batting - Pitching for Miami (APP) Marlins : RHP Ju-ao Wa
|
Pitching: RHP Chia-kang Chuko
|
|
Batting: RHB Mike Welch
|
0-0: Ball 1-0: Called Strike 1-1: Foul Ball, location: 2F 1-2: Foul Ball, location: 2F 1-2: Ball 2-2: Fly out, F8 (Flyball, 8LM, EV 85.0 MPH)
|
Batting: RHB Luis Neri
|
0-0: Called Strike 0-1: Swinging Strike 0-2: Foul Ball, location: 2F 0-2: Ball 1-2: Foul Ball, location: 2F 1-2: Ball 2-2: Ground out 5-3 (Groundball, 5, EV 102.5 MPH)
|
Batting: LHB Joseph Martin
|
0-0: Called Strike 0-1: Foul Ball, location: 2F 0-2: Ball 1-2: Foul Ball, location: 2F 1-2: Ball 2-2: Ball 3-2: Base on Balls
|
Pitching: RHP Tim Mills
|
|
Batting: RHB Randy Spriet
|
0-0: SINGLE (Groundball, 34D, EV 102.5 MPH) Joseph Martin to second
|
Batting: RHB Masaru Nogami
|
0-0: Fielders Choice at 2nd, U4 (Groundball, 4M, EV 101.3 MPH)
|
Top of the 9th over - 0 runs, 1 hit, 0 errors, 2 left on base; Washington (APP) 7 - Miami (APP) 0 |
BOTTOM OF THE 9TH |
Miami (APP) Marlins batting - Pitching for Washington (APP) Nationals : RHP Mike Welch
|
Pinch Hitting: LHB Larry Shumate
|
0-0: Ball 1-0: Foul Ball, location: 2F 1-1: Ground out 4-3 (Groundball, 34, EV 93.1 MPH)
|
Pinch Hitting: RHB Zach Dietsche
|
0-0: Called Strike 0-1: Ball 1-1: SINGLE (Groundball, 25, EV 75.0 MPH) (infield hit)
|
Pinch Hitting: RHB Ramon Vasquez
|
0-0: Fielders Choice at 2nd, 6-4 (Groundball, 6S, EV 90.0 MPH)
|
Pinch Hitting: RHB Mario Bonilla
|
0-0: Called Strike 0-1: Swinging Strike 0-2: Strikes out looking
|
Bottom of the 9th over - 0 runs, 1 hit, 0 errors, 1 left on base; Washington (APP) 7 - Miami (APP) 0 |
|